AoeStats
← Espectro

Fortress

509289999Analyzed
2v2 RM · 5d ago on Sep 26, 2026· 39m 48s· 4 players
Game mode
Random Map
Map size
Normal (6 player)
Population
200
Speed
Normal
Resources
Standard
Victory
Conquest
Starting age
Dark Age
Ending age
Imperial Age
RankedLock teamsTeams togetherTeam positionsShared explorationLock speedFull tech treeHidden civsTurbo modeCheats
Victory
Defeat
🇨🇦 Romans · Canada
1044
+10
🇲🇽 Spanish · Mexico
799
+20
🇨🇱 Persians · Chile
903
-15
🇳🇵 Japanese · Nepal
894
-23
✟ L¥N V ✟
8:43 Feudal Age
9:11 Double-Bit Axe
9:08 Horse Collar
11:24 Wheelbarrow
15:43 Castle Age
16:43 Loom
19:31 Gold Mining
19:59 Bow Saw
19:51 Heavy Plow
21:34 Hand Cart
22:57 Town Watch
24:34 Gold Shaft Mining
24:34 Town Patrol
27:45 Imperial Age
Magikarp
9:51 Feudal Age
10:35 Man-at-Arms
11:04 Arson
14:51 Castle Age
13:24 Forging
13:14 Scale Mail Armor
16:10 Gambesons
16:26 Squires
16:30 Gold Mining
17:11 Loom
19:29 Double-Bit Axe
22:02 Horse Collar
24:35 Yasama
24:12 Man-at-Arms
26:45 Iron Casting
26:25 Chain Mail Armor
25:44 Long Swordsman
39:10 Fletching
39:21 Padded Archer Armor
Kirito Wizard
7:41 Feudal Age
11:44 Castle Age
10:35 Double-Bit Axe
10:33 Horse Collar
10:47 Gold Mining
11:49 Loom
12:50 Scale Mail Armor
13:01 Forging
12:15 Man-at-Arms
12:56 Squires
14:40 Chain Mail Armor
14:41 Long Swordsman
23:19 Iron Casting
23:22 Ballistas
27:13 Ballistics
30:12 Imperial Age
29:07 Fortified Wall
31:57 Blast Furnace
32:02 Chemistry
31:50 Conscription
35:04 Comitatenses
36:14 Heavy Plow
38:28 Wheelbarrow
37:39 Town Watch
37:18 Capped Ram
38:43 Bow Saw
38:53 Legionary
Espectro
1:39 Loom
7:45 Feudal Age
9:07 Wheelbarrow
8:25 Double-Bit Axe
9:25 Gold Mining
14:21 Castle Age
12:45 Stone Mining
13:05 Fletching
13:08 Town Watch
13:12 Horse Collar
15:16 Bow Saw
15:49 Forging
22:10 Imperial Age
21:15 Pikeman
23:25 Bodkin Arrow
23:31 Murder Holes
27:43 Conscription
29:45 Chemistry
30:24 Supremacy
30:30 Scale Mail Armor
30:47 Halberdier
34:20 Squires
35:06 Hoardings
35:16 Bracer
35:43 Ballistics
37:40 Iron Casting
37:21 Chain Mail Armor
37:12 Scale Barding Armor
37:08 Padded Archer Armor
38:52 Elite Conquistador
Connection lost

Rejoining the realm…

Still unreachable

The connection could not be restored.

Session expired

The server has moved on; the page needs a fresh start.